Map: Terraform LE (Void)

Players

BIGBOY (Patience) - Winner!

  • Race: Protoss Protoss
  • League: Master

RepMeaSt (Semper)

  • Race: Terran Terran
  • League: Master

Event: Team Gravity's Fight Night #36

VOD

https://youtu.be/0fvoiOR0kIU?t=26m17s

Description

Time

  • Played on: Oct. 25, 2015, 7:09 p.m.
  • Length: 10:15

All games in this series

Show
View Real Time Build Order
Export as new Build Order

BIGBOY Protoss - Winner!

Build Orders: 1 Gate Expand, Phoenix Opening 

Get SALT Encoding   

  12  0:01  Probe (Chrono Boost)  
  13  0:11  Probe (Chrono Boost)  
  14  0:17  Pylon  
  14  0:22  Probe (Chrono Boost)  
  16  0:36  Probe (Chrono Boost), Gateway  
  16  0:42  Assimilator  
  16  0:46  Probe (Chrono Boost)  
  17  0:57  Probe (Chrono Boost)  
  18  1:07  Probe (Chrono Boost)  
  19  1:18  Probe (Chrono Boost)  
  20  1:27  Nexus  
  20  1:28  Probe (Chrono Boost)  
  21  1:37  Cybernetics Core  
  21  1:39  Probe (Chrono Boost)  
  22  1:42  Assimilator  
  22  1:49  Pylon  
  22  1:52  Probe (Chrono Boost)  
  23  2:07  Probe (Chrono Boost)  
  24  2:18  Mothership Core (Chrono Boost)  
  24  2:22  Stalker, Pylon  
  28  2:24  Warp Gate  
  28  2:36  Probe (Chrono Boost)  
  29  2:41  Probe (Chrono Boost)  
  30  2:47  Probe (Chrono Boost)  
  30  2:51  Probe (Chrono Boost)  
  30  2:54  Stargate  
  30  2:58  Probe (Chrono Boost)  
  32  3:02  Probe (Chrono Boost)  
  33  3:08  Assimilator  
  33  3:09  Probe (Chrono Boost)  
  33  3:11  Assimilator  
  35  3:12  Probe (Chrono Boost)  
  35  3:14  Pylon  
  35  3:19  Probe (Chrono Boost)  
  36  3:24  Probe (Chrono Boost)  
  36  3:25  Robotics Facility  
  37  3:30  Probe (Chrono Boost)  
  38  3:34  Probe (Chrono Boost)  
  38  3:38  Phoenix (Chrono Boost)  
  38  3:40  Probe (Chrono Boost)  
  42  3:45  Probe (Chrono Boost)  
  43  3:50  Sentry  
  43  3:51  Probe (Chrono Boost)  
  43  3:54  Probe (Chrono Boost)  
  47  4:02  Probe  
  50  4:03  Phoenix (Chrono Boost)  
  50  4:04  Probe  
  51  4:10  Pylon  
  51  4:14  Probe, Robotics Bay  
  51  4:15  Probe  
  51  4:17  Observer  
  54  4:26  Phoenix (Chrono Boost)  
  54  4:27  Probe  
  54  4:28  Probe  
  58  4:32  Pylon  
  58  4:38  Probe  
  58  4:39  Pylon  
  58  4:41  Probe  
  58  4:45  Observer (Chrono Boost), Phoenix (Chrono Boost)  
  63  4:56  Probe x2  
  63  4:59  Gateway x2  
  65  5:04  Disruptor (Chrono Boost), Pylon  
  65  5:06  Phoenix  
  68  5:14  Probe x2  
  72  5:17  Stalker  
  72  5:21  Pylon  
  73  5:26  Probe x2  
  73  5:27  Phoenix  
  77  5:38  Probe x2  
  77  5:39  Observer (Chrono Boost)  
  77  5:40  Forge  
  77  5:41  Twilight Council  
  80  5:44  Adept  
  82  5:50  Probe  
  82  5:55  Phoenix  
  83  6:03  Pylon  
  83  6:09  Nexus  
  83  6:11  Disruptor (Chrono Boost)  
  84  6:15  Probe  
  84  6:16  Protoss Ground Weapons Level 1 (Chrono Boost)  
  85  6:21  Stalker x2  
  85  6:23  Stalker  
  85  6:25  Probe  
  92  6:29  Phoenix  
  92  6:32  Pylon  
  92  6:38  Probe x2  
  96  6:47  Warp Prism (Chrono Boost)  
  96  6:51  Gateway, Blink  
  96  6:53  Gateway  
  98  6:54  Pylon  
  98  7:04  Adept x3  
  104  7:15  Phoenix  
  106  7:29  Stalker x2  
  110  7:30  Stalker  
  110  7:35  Disruptor  
  115  7:46  Probe x2  
  117  7:52  Probe  
  119  7:58  Probe  
  119  8:01  Protoss Ground Weapons Level 2 (Chrono Boost)  
  119  8:02  Assimilator  
  119  8:05  Assimilator  
  119  8:07  Gateway  
  119  8:08  Pylon  
  119  8:10  Gateway  
  119  8:11  Gateway  
  119  8:13  Gateway  
  119  8:16  Gateway  
  119  8:20  Stalker  
  119  8:21  Stalker x4  
  129  8:29  Photon Cannon  
  129  8:34  Disruptor  
  130  8:47  Stalker  
  132  8:49  Adept x3  
  132  8:50  Adept  
  132  9:15  Stalker x5  
  132  9:16  Stalker  
  141  9:18  Pylon  
  141  9:20  Stalker, Disruptor (Chrono Boost)  
  141  9:21  Stalker  
  141  9:23  Pylon  
  148  9:44  Stalker x5  
  148  9:45  Stalker x4  
Show
View Real Time Build Order
Export as new Build Order

RepMeaSt Terran 

Build Orders: MMM Bio 

Get SALT Encoding   

  12  0:00  SCV  
  13  0:13  SCV  
  14  0:17  Supply Depot  
  14  0:25  SCV  
  15  0:39  SCV  
  15  0:40  Barracks  
  16  0:44  Refinery  
  16  0:51  SCV  
  17  1:03  SCV  
  18  1:15  SCV  
  19  1:27  Orbital Command  
  19  1:29  Barracks Reactor  
  19  1:44  Command Center  
  20  1:54  SCV  
  20  1:57  Supply Depot  
  20  2:05  Marine x2  
  20  2:06  SCV  
  23  2:17  Factory  
  23  2:19  SCV  
  24  2:24  Marine x2  
  26  2:31  SCV  
  27  2:42  Marine x2  
  27  2:43  SCV  
  30  2:55  SCV  
  30  2:56  Orbital Command  
  31  3:02  Orbital Command, Starport, Widow Mine  
  31  3:03  Marine  
  34  3:07  SCV  
  35  3:15  Supply Depot  
  35  3:19  SCV  
  36  3:29  SCV  
  36  3:31  SCV, Marine  
  36  3:32  Widow Mine, Marine  
  42  3:38  Bunker  
  43  3:41  SCV  
  43  3:43  SCV  
  43  3:48  Medivac  
  46  3:51  Supply Depot  
  46  3:52  Marine x2  
  46  3:53  SCV  
  49  3:57  SCV  
  50  4:06  SCV  
  51  4:11  Barracks  
  51  4:13  Refinery, Barracks  
  51  4:15  SCV  
  52  4:18  SCV  
  52  4:22  Refinery  
  53  4:27  SCV  
  53  4:30  Marine x2  
  56  4:31  SCV  
  56  4:32  Factory Tech Lab  
  56  4:33  Starport Tech Lab  
  57  4:39  SCV, Engineering Bay  
  57  4:44  SCV  
  59  4:49  Supply Depot x2  
  59  4:51  SCV  
  60  4:56  SCV  
  61  5:02  Marine, Starport Reactor  
  62  5:09  Missile Turret  
  62  5:10  SCV x2, Marine  
  62  5:12  Combat Shields, Missile Turret  
  62  5:13  Stimpack  
  65  5:15  Supply Depot  
  65  5:19  Terran Infantry Weapons Level 1  
  65  5:22  SCV x2  
  65  5:25  Marine x3  
  70  5:29  Supply Depot  
  70  5:35  SCV  
  71  5:36  Factory Reactor  
  71  5:37  SCV  
  71  5:39  Marine  
  71  5:42  Missile Turret  
  73  5:43  Medivac x2  
  73  5:48  SCV  
  73  5:49  Marine  
  79  5:51  Marauder x2  
  79  5:52  SCV  
  79  5:55  Refinery  
  82  6:08  Marine  
  82  6:09  Marine  
  82  6:10  Command Center  
  78  6:12  SCV x2, Marine  
  78  6:14  Medivac x2  
  78  6:16  Widow Mine  
  78  6:18  Widow Mine  
  85  6:24  SCV  
  87  6:29  Barracks x2  
  87  6:30  Marine x2  
  87  6:31  SCV  
  90  6:36  Concussive Shells  
  90  6:38  Marauder, Marine  
  93  6:42  Supply Depot  
  93  6:43  SCV, Supply Depot  
  93  6:53  Missile Turret, Widow Mine x2  
  93  6:54  Marine  
  98  6:57  Marauder, Marine  
  98  7:01  Marine, Medivac  
  97  7:11  Marine  
  97  7:15  Marine  
  99  7:19  Marauder  
  101  7:23  Marauder  
  101  7:29  Bunker, Marine  
  100  7:30  Bunker  
  100  7:34  Barracks Reactor, Barracks Tech Lab  
  98  7:37  Marine  
  98  7:39  SCV x2  
  98  7:40  Marauder, Orbital Command  
  98  7:42  Terran Infantry Armor Level 1  
  99  7:44  Marine  
  99  7:47  Marine  
  99  7:51  SCV x2, Liberator  
  101  7:55  Marine  
  104  8:01  Marauder  
  104  8:02  Marine  
  104  8:03  SCV x2  
  104  8:05  Marine  
  110  8:09  Armory  
  110  8:10  Engineering Bay, Marine x3  
  116  8:13  Marine  
  116  8:15  SCV x2  
  116  8:18  SCV  
  114  8:20  Marauder  
  114  8:22  Marine  
  114  8:24  Marine  
  118  8:28  Supply Depot, Marine x3  
  118  8:29  SCV  
  118  8:30  Refinery  
  118  8:31  Marine  
  117  8:43  Marine x3  
  117  8:45  Marine  
  117  8:46  Marauder, Marine  
  109  8:49  Marine  
  110  9:01  SCV, Marine x2  
  110  9:02  Marauder  
  112  9:03  Marine  
  112  9:04  Marine  
  112  9:06  Marine  
  112  9:07  Marine, Widow Mine  
  115  9:10  Widow Mine  
  117  9:19  Marauder, Marine  
  117  9:21  Marine x2  
  117  9:22  Medivac x2  
  117  9:23  Marauder  
  128  9:24  Marine  
  128  9:26  Supply Depot x2, Marauder  
  131  9:36  Marine  
  129  9:39  Marine x2  
  129  9:41  Marauder  
  129  9:42  Marine  
  129  9:44  Marauder  
  127  9:47  Marauder  
  117  9:54  Marine  
  117  9:57  Marine  

Tags
 
Add a new tag
Caveats
  • Supply blocks, unpowered buildings, or Contaminate may cause inaccurate times.
  • Supply counts are checked every 10 seconds.